 Dungeon Crawl Stone Soup version 0.27-a0-1256-gced786f65e (webtiles) character file.

Game seed: 3857993927250306102

15 zezblit the Stinger (level 2, 13/13 HPs)
             Began as a Spriggan Venom Mage on June 10, 2021.
             Quit the game on level 1 of the Dungeon on June 13, 2021.
             The game lasted 00:05:18 (546 turns).

zezblit the Stinger (Spriggan Venom Mage)            Turns: 546, Time: 00:05:19

Health: 13/13      AC:  2    Str:  4    XL:     2   Next: 34%
Magic:  6/6        EV: 16    Int: 16    God:
Gold:   0          SH:  5    Dex: 15    Spells: 5/6 levels left

rFire    . . .     SeeInvis +   c - +0 falchion
rCold    . . .     Faith    .   b - +0 buckler
rNeg     . . .     Spirit   .   a - +0 robe
rPois    .         Reflect  .   (helmet restricted)
rElec    .         Harm     .   (no cloak)
rCorr    .         Rampage  .   (gloves unavailable)
Will     .....                  (boots unavailable)
Stlth    ++........             (no amulet)
HPRegen  0.04/turn              (no ring)
MPRegen  0.10/turn              (no ring)

@: very quick
A: very small, no large weapons, unfitting armour, see invisible, speed 3
a: no special abilities


You were on level 1 of the Dungeon.
You visited 1 branch of the dungeon, and saw 2 of its levels.

Inventory:

Hand Weapons
 c - a +0 falchion (weapon)
 g - a +0 short sword
Armour
 a - a +0 robe (worn)
 b - a +0 buckler (worn)
Scrolls
 d - a scroll of teleportation {unknown}
 e - a scroll of identify {unknown}
 h - a scroll of noise {unknown}
Potions
 f - a potion of might {unknown}


   Skills:
 + Level 3.0 Dodging
 + Level 3.0 Stealth
 + Level 2.8 Spellcasting
 + Level 1.4 Transmutations
 * Level 3.5 Poison Magic


You had 5 spell levels left.
You knew the following spells:

 Your Spells              Type           Power      Damage    Failure   Level
a - Sting                 Tmut/Pois      40%        1d5       12%         1

Your spell library contained the following spells:

 Spells                   Type           Power      Damage    Failure   Level
 Poisonous Vapours        Pois/Air       14%        N/A       24%         2
 Ignite Poison            Fire/Tmut/Pois 7%         N/A       43%         3
 Mephitic Cloud           Conj/Pois/Air  6%         N/A       52%         3
 Olgreb's Toxic Radiance  Pois           13%        N/A       58%         4


Dungeon Overview and Level Annotations

Branches:
Dungeon (2/15)

Altars:


Innate Abilities, Weirdness & Mutations

You are very small and have problems with some larger weapons.
You are too small for most types of armour.
You have supernaturally acute eyesight. (SInv)
You cover ground extremely quickly. (Speed+++)


Message History

g - a +0 short sword You start resting.
Magic restored.
You start resting.
HP restored.
You see here 18 stones.
Found a stone staircase leading down.
h - a scroll labelled QACZE SUNTAEXO A goblin comes into view.
It is wielding a +0 dagger.
Aiming: Sting (safe; 12% risk of failure)
Press: ? - help, Q - select action Shift-Dir - straight line, f - you That beam is likely to hit you.
Continue anyway? [Y]es or [N]o only, please.
That beam is likely to hit you.
Continue anyway? [Y]es or [N]o only, please.
That beam is likely to hit you.
Continue anyway?
Okay, then.
Unknown command.
Unknown command.
Okay, then.
Aiming: Sting (safe; 12% risk of failure)
Press: ? - help, Q - select action Shift-Dir - straight line, f - goblin
Aim: a goblin, wielding a +0 dagger (asleep, 100% to hit)
You miscast Sting.
You are very lightly contaminated with residual magic.
Nothing appears to happen.
Aiming: Sting (safe; 12% risk of failure)
Press: ? - help, Q - select action Shift-Dir - straight line, f/p - goblin
Aim: a goblin, wielding a +0 dagger (asleep, 100% to hit)
The sting hits the goblin.
The goblin is poisoned.
The goblin is severely wounded.
The goblin shouts!
You kill the goblin!
Your Dodging skill increases to level 3!
Your magical contamination has completely faded away.
Magic restored.
An endoplasm comes into view.
Welcome back, zezblit the Spriggan Venom Mage.
Press ? for a list of commands and other information.
Are you sure you want to abandon this character and quit the game? (Confirm with "yes".)

#. #.#########.........#
#.###.# .........## #.....#
####..........## #.....#
#..............# #.....#
#..............# #.....#
#..............##
##...#######.....###.......#
#...............# #.......####
#............@..# #...........
#.)......................#....
#...........#............#....
#...........#............#....
#...........#...$...#######'##
#...#########.......# #.##
#...# #.......# ##..#
#.J.....# #.... #....


You could see an endoplasm (asleep).

Vanquished Creatures
  An orc (D:2)
  A giant cockroach (D:1)
  A goblin (D:1)
  3 hobgoblins (D:1)
  2 jackals (D:1)
  A kobold (D:1)
  A ball python (D:1)
  A bat (D:1)
  A rat (D:1)
12 creatures vanquished.

Notes
Turn   | Place    | Note
-------+----------+-------------------------------------------
     0 | D:1      | zezblit the Spriggan Venom Mage began the quest for the
                  | Orb.
     0 | D:1      | Reached XP level 1. HP: 9/9 MP: 5/5
   380 | D:1      | Reached XP level 2. HP: 13/13 MP: 4/6
   546 | D:1      | Quit the game

Illustrated notes

Levels and vault maps discovered:
D:1:      dpeg_arrival_boxes_within_box, layout_basic
D:2:      layout_loops_corners, hellmonk_ecumenical_altar_crossroads

Skill      XL: |  1  2 |
---------------+-------+-----
Dodging        | 3 |  3.0
Stealth        | |  3.0
Spellcasting   | |  2.8
Transmutations | |  1.4
Poison Magic   | |  3.5

Action                   || total
-------------------------++-------
Melee: Falchion          ||     8
 Cast: Sting             ||    21
Dodge: Dodged            ||    10
Block: Buckler           ||     2
       Rpst.: Falchion   ||     6

Table legend: (Time is in decaauts)
 A = Elapsed time spent in this place.
 B = Non-inter-level travel time spent in this place.
 C = Inter-level travel time spent in this place.
 D = Time resting spent in this place.
 E = Time spent auto-exploring this place.
 F = Levels seen in this place.
 G = Mean time per level.
                   A        B        C        D        E       F      G
               +--------+--------+--------+--------+--------+-----+--------+
         Total |    429 |    429 |      0 |    126 |    187 |   2 |  214.5 |
       Dungeon |    429 |    429 |      0 |    126 |    187 |   2 |  214.5 |
               +--------+--------+--------+--------+--------+-----+--------+

Top non-repeatable levels by time:
     D:1: 414 daAuts
     D:2: 15 daAuts
